 Dungeon Crawl Stone Soup version 0.29-a0-72-g1732ff48e7 (webtiles) character file.

Game seed: 15510274284327110427

514 fragbeetle the Chopper (level 7, 0/60 HPs)
             Began as a Hill Orc Cinder Acolyte on Feb 4, 2022.
             Was a High Priest of Ignis.
             Succumbed to a scorpion's poison
             ... on level 4 of the Dungeon.
             The game lasted 00:08:51 (3203 turns).

fragbeetle the Chopper (Hill Orc Cinder Acolyte)    Turns: 3203, Time: 00:08:52

Health: 0/60       AC: 10    Str: 17    XL:     7   Next: 20%
Magic:  2/10       EV:  9    Int: 14    God:    Ignis [*****.]
Gold:   158        SH:  2    Dex:  8    Spells: 5/10 levels left

rFire   + . .      SeeInvis .   s - +2 spear (vamp)
rCold   . . .      Faith    .   F - +0 buckler
rNeg    + . .      Spirit   .   u - +0 ring mail
rPois   .          Reflect  .   (no helmet)
rElec   .          Harm     .   p - +0 cloak
rCorr   .          Rampage  .   (no gloves)
Will    .....                   (no boots)
Stlth   ..........              (no amulet)
HPRegen 0.20/turn               i - +4 ring of protection
MPRegen 0.12/turn               g - ring of positive energy

@: brilliant, lethally poisoned (0 -> -10), attractive, hasted, very quick
A: no striking features
a: Renounce Religion, Fiery Armour, Foxfire Swarm, Rising Flame


You were on level 4 of the Dungeon.
You worshipped Ignis.
Ignis was extremely pleased with you.
You visited 1 branch of the dungeon, and saw 4 of its levels.
You also visited: Sewer.

You collected 158 gold pieces.

Inventory:

Hand Weapons
 a - a -1 hand axe of flaming
 j - a +2 dagger of speed
 s - a +2 vampiric spear (weapon)
Missiles
 y - 2 atropa-tipped darts
 z - 47 sling bullets
Armour
 p - a +0 cloak (worn)
 u - a +0 ring mail (worn)
 F - a +0 buckler (worn)
Jewellery
 g - a ring of positive energy (right hand)
 i - a +4 ring of protection (left hand)
 q - a ring of resist corrosion
 w - an amulet of magic regeneration
Scrolls
 c - 2 scrolls of noise {unknown}
 d - a scroll of fear {unknown}
 e - a scroll of amnesia {unknown}
 f - a scroll of enchant armour {unknown}
 k - a scroll of holy word {unknown}
 l - a scroll of fog {unknown}
 n - a scroll of blinking {unknown}
 r - a scroll of vulnerability {unknown}
 x - 2 scrolls of teleportation {unknown}
 A - 4 scrolls of identify {unknown}
 B - a scroll of summoning {unknown}
 E - a scroll of immolation {unknown}
Potions
 b - a potion of magic {unknown}
 h - a potion of attraction
 m - 2 potions of haste
 o - a potion of curing {unknown}
 t - a potion of degeneration {unknown}
 v - a potion of brilliance
 C - a potion of flight {unknown}
 D - a potion of invisibility {unknown}


   Skills:
 + Level 4.9 Fighting
 * Level 6.7 Axes
 * Level 2.2 Armour
 - Level 2.0 Spellcasting
 * Level 0.1 Conjurations
 * Level 5.6 Fire Magic
 * Level 0.0 Poison Magic


You had 5 spell levels left.
You knew the following spells:

 Your Spells              Type           Power      Damage    Failure   Level
a - Scorch                Fire           50%        2d8       9%          2
b - Mephitic Cloud        Conj/Pois/Air  2%         N/A       87%         3

Your spell library contained the following spells:

 Spells                   Type           Power      Damage    Failure   Level
 Magic Dart               Conj           8%         1d3       50%         1
 Call Imp                 Summ           2%         N/A       65%         2
 Dazzling Flash           Conj/Hex       4%         N/A       87%         3
 Iskenderun's Mystic Bla  Conj/Tloc      2%         2d3       99%         4
 Starburst                Conj/Fire      7%         6d4       100%        6


Dungeon Overview and Level Annotations

Branches:
Dungeon (4/15)              Sewer (visited)
 Temple: D:4-7

Altars:
Elyvilon

Annotations:
D:3 3 runed translucent doors, testman's ghost, amateur OpTm


Message History

The scorpion is almost dead.
You feel very sick. The scorpion stings you.
You closely miss the scorpion.
The scorpion is almost dead.
You feel very sick. The scorpion barely misses you.
Your magical contamination has completely faded away.
You closely miss the scorpion.
The scorpion is almost dead.
You feel sick.
The scorpion stings you but does no damage.
You closely miss the scorpion.
The scorpion is almost dead.
You feel sick. The scorpion stings you.
* * * LOW HITPOINT WARNING * * *
The scorpion stings you but does no damage.
You hit the scorpion.
You feel better.
The scorpion is almost dead.
You feel sick. The scorpion stings you.
* * * LOW HITPOINT WARNING * * *
You are lethally poisoned!
The scorpion poisons you!
You barely miss the scorpion.
The scorpion is almost dead.
* * * LOW HITPOINT WARNING * * *
You feel very sick.
The scorpion stings you but does no damage.
It was a potion of haste.
You feel yourself speed up.
* * * LOW HITPOINT WARNING * * *
You feel very sick. The scorpion stings you!
* * * LOW HITPOINT WARNING * * *
It was a potion of attraction.
You feel attractive to monsters.
* * * LOW HITPOINT WARNING * * *
You feel sick. The scorpion barely misses you.
It was a potion of brilliance.
You feel clever all of a sudden.
You die...

#.......# ##.
##..........#
#...........
#.##.###.#.#
#.##.....#.. ##
#.....## # ..# #####.#
..
#####.##########.##.##
#.........##..@s$..).#
#.###.###.###.####.###
(..# #.# #.# #####
#.###.# #.....#
#######


You could see a scorpion.

Vanquished Creatures
  A black bear (D:4)
  2 orc priests (D:4)
  An iguana (D:4)
  A hell rat (Sewer)
  5 orc wizards
  3 gnolls (D:2)
  3 river rats (Sewer)
  4 adders
  A worm (D:2)
  A dart slug (D:2)
  7 orcs
  9 ball pythons
  3 bats
  3 endoplasms
  2 giant cockroaches
  6 goblins
  13 hobgoblins
  10 jackals
  6 kobolds
  2 quokkas
  4 frilled lizards
  15 rats
102 creatures vanquished.

Notes
Turn   | Place    | Note
-------+----------+-------------------------------------------
     0 | D:1      | fragbeetle the Hill Orc Cinder Acolyte began the quest for
                  | the Orb.
     0 | D:1      | Reached XP level 1. HP: 19/19 MP: 2/2
   226 | D:1      | Reached XP level 2. HP: 27/27 MP: 3/3
   617 | D:1      | Reached XP level 3. HP: 33/33 MP: 4/4
   735 | D:2      | Learned a level 2 spell: Scorch
  1030 | D:2      | Reached XP level 4. HP: 19/40 MP: 4/6
  1364 | D:2      | Found a faded altar of an unknown god.
  1437 | D:2      | Reached skill level 5 in Axes
  1746 | D:3      | Found a runed translucent gate.
  1746 | D:3      | Found a runed translucent gate.
  1746 | D:3      | Found a runed translucent gate.
  1751 | D:3      | Noticed testman's ghost (amateur OpTm)
  1805 | D:3      | Reached XP level 5. HP: 46/46 MP: 7/7
  2531 | D:4      | Reached skill level 6 in Axes
  2531 | D:4      | Reached XP level 6. HP: 53/53 MP: 3/8
  2590 | D:4      | Noticed a black bear
  2597 | D:4      | Killed a black bear
  2598 | D:4      | Reached skill level 1 in Armour
  2598 | D:4      | Reached skill level 5 in Fire Magic
  2667 | D:4      | Found a glowing drain.
  2689 | Sewer    | Entered a sewer
  2942 | D:4      | Reached XP level 7. HP: 56/60 MP: 8/10
  3001 | D:4      | Found a white marble altar of Elyvilon.
  3062 | D:4      | Learned a level 3 spell: Mephitic Cloud
  3201 | D:4      | HP: 3/60 [scorpion (7)]
  3203 | D:4      | Succumbed to a scorpion's poison

Illustrated notes

Levels and vault maps discovered:
D:1:      nzn_arrival_settlement, layout_basic
D:2:      layout_rooms, basic_ecumenical_altar, nicolae_elevator_lobby_plus
D:3:      layout_rooms, gammafunk_ghost_split
D:4:      layout_basic, mainiacjoe_overflow_paths, portal_sewer_entry_b

Skill      XL: |  1  2  3  4  5  6  7 |
---------------+----------------------+-----
Fighting       | 4 |  4.9
Fire Magic     | 4 5 |  5.6
Axes           | 5 6 |  6.7
Armour         | 1 2 |  2.2
Spellcasting   | 2 |  2.0
Conjurations   | |  0.1

Action                   |  1- 3 |  4- 6 |  7- 9 || total
-------------------------+-------+-------+-------++-------
Melee: Hand axe          |   104 |    23 |       ||   127
       Spear             |       |   204 |    49 ||   253
       Punch             |       |     1 |     1 ||     2
 Cast: Scorch            |       |    17 |     5 ||    22
  Use: Potion            |       |       |     3 ||     3
Armor: Chain mail        |    67 |    62 |       ||   129
       Ring mail         |       |    71 |    24 ||    95
Dodge: Dodged            |    27 |    64 |    19 ||   110
Block: Buckler           |       |       |     4 ||     4

Table legend: (Time is in decaauts)
 A = Elapsed time spent in this place.
 B = Non-inter-level travel time spent in this place.
 C = Inter-level travel time spent in this place.
 D = Time resting spent in this place.
 E = Time spent auto-exploring this place.
 F = Levels seen in this place.
 G = Mean time per level.
                   A        B        C        D        E       F      G
               +--------+--------+--------+--------+--------+-----+--------+
         Total |   3212 |   3027 |    185 |    305 |   1763 |   5 |  642.4 |
       Dungeon |   2988 |   2803 |    185 |    189 |   1762 |   4 |  747.0 |
         Sewer |    224 |    224 |      0 |    116 |      1 |   1 |  224.0 |
               +--------+--------+--------+--------+--------+-----+--------+

Top non-repeatable levels by time:
     D:2: 1037 daAuts
     D:1: 772 daAuts
     D:3: 724 daAuts
     D:4: 454 daAuts
   Sewer: 224 daAuts
